 Dungeon Crawl Stone Soup version 0.32-a0-940-g8c197d95f1 (webtiles) character file.

Game seed: 2377778318401983114

611 Ijustatesigmund the Conjurer (level 7, -4/51 HPs)
             Began as a Gnoll Conjurer on Apr 16, 2024.
             Killed by divine providence
             ... invoked by an orc priest
              (9 damage)
             ... on level 5 of the Dungeon.
             The game lasted 00:08:23 (5137 turns).

Ijustatesigmund the Conjurer (Gnoll Conjurer)       Turns: 5137, Time: 00:08:23

Health: -4/51      AC:  4    Str:  5    XL:     7   Next: 43%
Magic:  15/15      EV: 12    Int: 24    God:
Gold:   257        SH:  0    Dex:  9    Spells: 10/17 levels left

rFire   . . .        f - +0 battleaxe
rCold   . . .        (shield currently unavailable)
rNeg    . . .        a - +0 robe
rPois   .            (helmet restricted)
rElec   .            (no cloak)
rCorr   .            (no gloves)
SInv    .            (no boots)
Will    .....        (no amulet)
Stlth   +++          (no ring)
HPRegen 1.08/turn    (no ring)
MPRegen 0.14/turn

%: no passive effects
@: studying Hexes
A: fangs 1, strong nose, distributed training, antennae 1, iridescent scales 1,
clever 1, regeneration 1
a: Convert to Beogh


You were on level 5 of the Dungeon.
You visited 2 branches of the dungeon, and saw 6 of its levels.

You collected 257 gold pieces.

Inventory:

Hand Weapons
 f - a +0 battleaxe (weapon)
Armour
 a - a +0 robe (worn)
Jewellery
 c - a ring of flight
Wands
 r - a wand of flame (17)
Scrolls
 d - 2 scrolls of identify
 i - a scroll of noise {unknown}
 k - a scroll of blinking {unknown}
 l - a scroll of fog {unknown}
 m - a scroll of teleportation {unknown}
 p - a scroll of vulnerability {unknown}
 q - a scroll of revelation {unknown}
Potions
 b - a potion of magic
 e - 2 potions of mutation
 g - a potion of resistance
 h - 2 potions of invisibility
 j - a potion of lignification
 n - a potion of cancellation
 o - 2 potions of curing {unknown}


   Skills:
 + Level 2.6 Fighting
 + Level 2.6 Short Blades
 + Level 2.6 Long Blades
 + Level 2.6 Axes
 + Level 2.6 Maces & Flails
 + Level 2.6 Polearms
 + Level 2.6 Staves
 + Level 2.6 Ranged Weapons
 + Level 2.6 Throwing
 + Level 2.6 Armour
 + Level 5.3 Dodging
 + Level 5.0 Stealth
 + Level 2.6 Shields
 + Level 2.6 Unarmed Combat
 + Level 5.6 Spellcasting
 + Level 7.4 Conjurations
 + Level 2.4 Hexes
 + Level 2.1 Summonings
 + Level 2.1 Necromancy
 + Level 2.1 Translocations
 + Level 2.1 Fire Magic
 + Level 2.1 Ice Magic
 + Level 2.1 Air Magic
 + Level 2.1 Earth Magic
 + Level 2.1 Alchemy
 + Level 2.9 Invocations
 + Level 2.6 Evocations
 + Level 2.3 Shapeshifting


You had 10 spell levels left.
You knew the following spells:

 Your Spells              Type           Power      Damage    Failure   Level
a - Magic Dart            Conj           100%       1d8       1%          1
b - Searing Ray           Conj           84%        2d7       1%          2
c - Iskenderun's Mystic Conj/Tloc 29%            2d7        (+2d3     12%         4

Your spell library contained the following spells:

 Spells                   Type           Power      Damage    Failure   Level
 Kiss of Death            Conj/Necr      100%       2d13      1%          1
 Hailstorm                Conj/Ice       29%        3d8       3%          3
 Confusing Touch          Hex            18%        N/A       9%          3
 Teleport Other           Tloc           17%        N/A       11%         3
 Fulminant Prism          Conj/Alch      14%        3d8       12%         4
 Dispel Undead            Necr           17%        3d10      34%         4
 Ignite Poison            Fire/Alch      17%        N/A       34%         4
 Sticky Flame             Fire/Alch      17%        2d5       34%         4
 Dispersal                Tloc           8%         N/A       99%         6
 Gell's Gavotte           Tloc           8%         2d(15-22) 99%         6
 Plasma Beam              Fire/Air       8%         2x1d19    99%         6
 Ignition                 Fire           8%         3d5       100%        8
 Polar Vortex             Ice            8%         12d1*     100%        9


Dungeon Overview and Level Annotations

Branches:
Dungeon (5/15)             Temple (1/1) D:5

Altars:
Cheibriados
Dithmenos
Elyvilon
Fedhas
Gozag
Hepliaklqana
Makhleb
Nemelex Xobeh
Okawaru
Qazlal
Ru
Sif Muna
Trog
Uskayaw
Wu Jian
Yredelemnul
Zin
The Shining One


Innate Abilities, Weirdness & Mutations

You have very sharp teeth.
Your uncanny sense of smell can sniff out nearby items.
Your experience applies equally to all skills.
You have a pair of small antennae on your head.
You are partially covered in iridescent scales. (AC +2)
Your mind is acute. (Int +4, Str/Dex -1)
Your natural rate of healing is unusually fast.


Message History

Found a wooden wand.
The orc priest calls down the wrath of Beogh upon you.
Pain shoots through your body!
The orc priest invokes the aid of Beogh against you.
Beogh smites you!
The orc priest shouts, "The Pantheon deserves no one's loyalty.
Let us show you the true path!" (press Y on the ability menu to convert to Beogh)
The orc priest hits you from afar with a +0 trident.
The orc priest calls down the wrath of Beogh upon you.
Beogh smites you!
You hit the orc priest.
The orc priest is moderately wounded.
The orc priest threatens, "Beogh's wrath is as vast as their mercy.
Make your choice!" The orc priest barely misses you. x2
You closely miss the orc priest. Your bite misses the orc priest.
The orc priest is moderately wounded.
The orc priest invokes the aid of Beogh against you.
Pain shoots through your body!
* * * LOW HITPOINT WARNING * * *
You slash the orc priest!
The orc priest is severely wounded.
The orc priest hits you with a +0 trident.
* * * LOW HITPOINT WARNING * * *
The orc priest hits you but does no damage.
The orc priest shouts, "The Pantheon deserves no one's loyalty.
Let us show you the true path!"
You hit the orc priest but do no damage.
The orc priest is severely wounded.
The orc priest hits you with a +0 trident.
* * * LOW HITPOINT WARNING * * *
The orc priest threatens, "Beogh's wrath is as vast as their mercy.
Make your choice!"
The orc priest hits you with a +0 trident.
* * * LOW HITPOINT WARNING * * *
You hit the orc priest but do no damage.
The orc priest is severely wounded.
The orc priest barely misses you.
You closely miss the orc priest.
The orc priest is severely wounded.
The orc priest mumbles some strange prayers to Beogh against you.
Beogh smites you!
You die...

.## ##.## .# #.# .# #.#
.## #.# #########
#.#######.# #.>......
..........######.######
.########.............#
.# #.######o####.# .#
#.# #@# #.# .# #.# #.#
#.# .# #.# #.# #.# .#
#.# #.# ... . #.# #.#
#.o.# #.# #.# #...# ∆
#./ ..... #........
##........


You could see an orc priest.

Vanquished Creatures
  A wyvern (D:4)
  A phantom (D:5)
  A scorpion (D:4)
  A hound (D:5)
  A sleepcap (D:5)
  4 iguanas
  An orc wizard (D:4)
  4 adders
  3 shadow imps (D:4)
  A white imp (D:5)
  A dart slug (D:3)
  A ribbon worm (D:3)
  8 orcs
  4 ball pythons
  4 bats
  6 endoplasms
  4 giant cockroaches
  9 goblins
  9 hobgoblins
  5 jackals
  5 quokkas
  6 frilled lizards
  4 kobolds
  7 rats
91 creatures vanquished.

Notes
Turn   | Place    | Note
-------+----------+-------------------------------------------
     0 | D:1      | Ijustatesigmund the Gnoll Conjurer began the quest for the
                  | Orb.
     0 | D:1      | Reached XP level 1. HP: 13/13 MP: 6/6
   105 | D:1      | Reached XP level 2. HP: 19/19 MP: 4/7
   699 | D:2      | Reached skill level 5 in Spellcasting
   699 | D:2      | Reached XP level 3. HP: 25/25 MP: 5/9
  1092 | D:2      | Reached skill level 1 in Invocations
  1547 | D:3      | Learned a level 2 spell: Searing Ray
  1698 | D:3      | Reached skill level 1 in Fighting
  1698 | D:3      | Reached skill level 1 in Short Blades
  1698 | D:3      | Reached skill level 1 in Long Blades
  1698 | D:3      | Reached skill level 1 in Axes
  1698 | D:3      | Reached skill level 1 in Maces & Flails
  1698 | D:3      | Reached skill level 1 in Polearms
  1698 | D:3      | Reached skill level 1 in Staves
  1698 | D:3      | Reached skill level 1 in Ranged Weapons
  1698 | D:3      | Reached skill level 1 in Throwing
  1698 | D:3      | Reached skill level 1 in Armour
  1698 | D:3      | Reached skill level 1 in Shields
  1698 | D:3      | Reached skill level 1 in Unarmed Combat
  1698 | D:3      | Reached skill level 1 in Evocations
  1832 | D:3      | Reached skill level 1 in Shapeshifting
  1832 | D:3      | Reached XP level 4. HP: 32/32 MP: 2/11
  1837 | D:3      | Learned a level 4 spell: Iskenderun's Mystic Blast
  1904 | D:3      | Gained mutation: Your mind is acute. (Int +4, Str/Dex -1)
                  | [potion of mutation]
  1904 | D:3      | Gained mutation: You are partially covered in iridescent
                  | scales. (AC +2) [potion of mutation]
  1904 | D:3      | Gained mutation: You have a pair of small antennae on your
                  | head. [potion of mutation]
  1904 | D:3      | Gained mutation: Your natural rate of healing is unusually
                  | fast. [potion of mutation]
  2137 | D:3      | Reached skill level 1 in Hexes
  2137 | D:3      | Reached skill level 1 in Summonings
  2137 | D:3      | Reached skill level 1 in Necromancy
  2137 | D:3      | Reached skill level 1 in Translocations
  2137 | D:3      | Reached skill level 1 in Fire Magic
  2137 | D:3      | Reached skill level 1 in Ice Magic
  2137 | D:3      | Reached skill level 1 in Air Magic
  2137 | D:3      | Reached skill level 1 in Earth Magic
  2137 | D:3      | Reached skill level 1 in Alchemy
  2978 | D:4      | Noticed a wyvern
  2988 | D:4      | Killed a wyvern
  2989 | D:4      | Reached XP level 5. HP: 8/38 MP: 5/12
  2989 | D:4      | Reached XP level 6. HP: 9/44 MP: 5/14
  3114 | D:4      | Found a glowing silver altar of Zin.
  3115 | D:4      | Found a white marble altar of Elyvilon.
  3210 | D:4      | Reached skill level 5 in Dodging
  3334 | D:4      | Got Xiuppuho's Spellbook of Incendiary Cryomancy
  4392 | D:5      | Entered Level 5 of the Dungeon
  4448 | D:5      | Reached XP level 7. HP: 30/50 MP: 8/15
  4741 | D:5      | Found a staircase to the Ecumenical Temple.
  4753 | Temple   | Entered the Ecumenical Temple
  5022 | D:5      | Reached skill level 5 in Stealth
  5135 | D:5      | HP: 2/51 [orc priest/+0 trident (1)]
  5137 | D:5      | Killed from afar by an orc priest

Illustrated notes

Levels and vault maps discovered:
D:1:      saegor_arrival_simple_a, layout_rooms
D:2:      layout_loops_ring
D:3:      wad_crossroads, layout_basic, grunt_decor_junction
D:4:      layout_cave_pods, gammafunk_temple_overflow_pools, serial_library,
          serial_library_regret_index_double_sided,
          serial_library_regret_index_split_case,
          serial_library_regret_index_headful, serial_library_hellmonk_h_bend,
          serial_library_hellmonk_angled_corner,
          serial_library_hellmonk_open_cross,
          serial_library_regret_index_small_wings,
          serial_library_hellmonk_open_cross
D:5:      layout_loops_ring, minmay_temple_entry_offerings, serial_shops,
          nicolae_shop_crystal, minmay_manual_mares
Temple:   eino_temple_rhombus

Skill      XL: |  1  2  3  4  5  6  7 |
---------------+----------------------+-----
Spellcasting   | 5 |  5.6
Invocations    | 1 2 |  2.9
Fighting       | 1 2 |  2.6
Short Blades   | 1 2 |  2.6
Long Blades    | 1 2 |  2.6
Axes           | 1 2 |  2.6
Maces & Flails | 1 2 |  2.6
Polearms       | 1 2 |  2.6
Staves         | 1 2 |  2.6
Ranged Weapons | 1 2 |  2.6
Throwing       | 1 2 |  2.6
Armour         | 1 2 |  2.6
Shields        | 1 2 |  2.6
Unarmed Combat | 1 2 |  2.6
Evocations     | 1 2 |  2.6
Shapeshifting  | 1 2 |  2.3
Hexes          | 1 2 |  2.4
Summonings     | 1 2 |  2.1
Necromancy     | 1 2 |  2.1
Translocations | 1 2 |  2.1
Fire Magic     | 1 2 |  2.1
Ice Magic      | 1 2 |  2.1
Air Magic      | 1 2 |  2.1
Earth Magic    | 1 2 |  2.1
Alchemy        | 1 2 |  2.1
Dodging        | 5 |  5.3
Stealth        | 5 |  5.0
Conjurations   | |  7.4

Action                     |  1- 3 |  4- 6 |  7- 9 || total
---------------------------+-------+-------+-------++-------
  Melee: Battleaxe         |    31 |   103 |    33 ||   167
         Bite              |     6 |     7 |     7 ||    20
   Cast: Magic Dart        |    54 |    54 |     6 ||   114
         Searing Ray       |       |     6 |     1 ||     7
         Iskenderun's Myst |       |     4 |     1 ||     5
    Use: Scroll            |       |     7 |       ||     7
         Potion            |       |     6 |       ||     6
   Stab: Sleeping          |     3 |     2 |     1 ||     6
 Armour: Robe              |    34 |   107 |    32 ||   173
  Dodge: Dodged            |    45 |    70 |    18 ||   133

Table legend: (Time is in decaauts)
 A = Elapsed time spent in this place.
 B = Non-inter-level travel time spent in this place.
 C = Inter-level travel time spent in this place.
 D = Time resting spent in this place.
 E = Time spent auto-exploring this place.
 F = Levels seen in this place.
 G = Mean time per level.
                   A        B        C        D        E       F      G
               +--------+--------+--------+--------+--------+-----+--------+
         Total |   5243 |   5146 |     97 |   1209 |   3197 |   6 |  873.8 |
       Dungeon |   5241 |   5145 |     96 |   1209 |   3197 |   5 | 1048.2 |
        Temple |      1 |      0 |      1 |      0 |      0 |   1 |    1.0 |
               +--------+--------+--------+--------+--------+-----+--------+

Top non-repeatable levels by time:
     D:4: 1576 daAuts
     D:3: 1206 daAuts
     D:2: 1008 daAuts
     D:5: 767 daAuts
     D:1: 683 daAuts
  Temple: 1 daAuts
